| TOP OF THE 1ST |
|
New Jersey Devils batting - Pitching for Canton Indians : RHP Chris Cohen
|
|
Pitching: RHP Chris Cohen
|
|
|
Batting: LHB Matt Baker
|
0-0: Called Strike 0-1: Ground out U3 (Groundball, 3S, EV 91.9 MPH)
|
|
Batting: LHB Bayesa Mundhir
|
0-0: Ball 1-0: Ball 2-0: Fly out, F7 (Line Drive, 7, EV 88.8 MPH)
|
|
Batting: RHB Bobby Coulombe
|
0-0: Swinging Strike 0-1: Ball 1-1: Ball 2-1: Foul Ball, location: 2F 2-2: Foul Ball, location: 2F 2-2: Foul Ball, location: 2F 2-2: Foul Ball, location: 2F 2-2: Ball 3-2: DOUBLE (Flyball, 89XD, EV 92.5 MPH)
|
|
Batting: RHB Gang-sheng Chew
|
0-0: Ball 1-0: Called Strike 1-1: Ground out 6-3 (Groundball, 6, EV 89.4 MPH)
|
| Top of the 1st over - 0 runs, 1 hit, 0 errors, 1 left on base; New Jersey 0 - Canton 0 |
| BOTTOM OF THE 1ST |
|
Canton Indians batting - Pitching for New Jersey Devils : RHP Richard Pye
|
|
Pitching: RHP Richard Pye
|
|
|
Batting: RHB Kenzo Shinoda
|
0-0: Called Strike 0-1: Ball 1-1: Ball 2-1: Ball 3-1: Ground out 6-3 (Groundball, 56, EV 107.5 MPH)
|
|
Batting: LHB Costodio Varino
|
0-0: Foul Ball, location: 2F 0-1: Ball 1-1: Ball 2-1: Ground out 4-3 (Groundball, 4, EV 107.5 MPH)
|
|
Batting: RHB Carlos Abrego
|
0-0: Ball 1-0: Fly out, F7 (Line Drive, 7D, EV 105.6 MPH)
|
| Bottom of the 1st over - 0 runs, 0 hits, 0 errors, 0 left on base; New Jersey 0 - Canton 0 |
| TOP OF THE 2ND |
|
New Jersey Devils batting - Pitching for Canton Indians : RHP Chris Cohen
|
|
Batting: RHB Chris Artz
|
0-0: Foul Ball, location: 2F 0-1: Called Strike 0-2: Ball 1-2: Strikes out swinging
|
|
Batting: RHB Jose Lara
|
0-0: Swinging Strike 0-1: Ball 1-1: SINGLE (Line Drive, 8LS, EV 93.1 MPH)
|
|
Batting: RHB Brian Bonin
|
0-0: Foul Ball, location: 2F 0-1: Called Strike Jose Lara steals 2nd base 0-2: Ball 1-2: Ball 2-2: Foul Ball, location: 2F 2-2: Strikes out swinging
|
|
Pitching: RHP Ian Nordquist
|
|
|
Batting: SHB Nick Daigle
|
0-0: SINGLE (Line Drive, 8LS, EV 93.1 MPH) Jose Lara to third
|
|
Batting: RHB Mike Hanks
|
0-0: Called Strike 0-1: Ball 1-1: SINGLE (Line Drive, 7LM, EV 103.8 MPH) Jose Lara scores Nick Daigle to second
|
|
Batting: LHB Matt Baker
|
0-0: Ground out 5-3 (Groundball, 56S, EV 85.0 MPH)
|
| Top of the 2nd over - 1 run, 3 hits, 0 errors, 2 left on base; New Jersey 1 - Canton 0 |
| BOTTOM OF THE 2ND |
|
Canton Indians batting - Pitching for New Jersey Devils : RHP Richard Pye
|
|
Batting: LHB Dave Key
|
0-0: Called Strike 0-1: Ball 1-1: SINGLE (Groundball, 5S, EV 66.9 MPH) (infield hit)
|
|
Batting: LHB Shane Montalvo
|
0-0: Ball 1-0: Ball 2-0: Called Strike 2-1: Fielders Choice at 2nd, 6-4 (Groundball, 56, EV 106.9 MPH)
|
|
Batting: RHB Kevin Trull
|
0-0: Swinging Strike Shane Montalvo is caught stealing 2nd base 2-4 0-1: Ball 1-1: Ball 2-1: Foul Ball, location: 2F 2-2: Ball 3-2: SOLO HOME RUN (Flyball, 78XD, EV 115.0 MPH), Distance : 436 ft
|
|
Batting: RHB John Bianconi
|
0-0: Called Strike 0-1: Ball 1-1: Foul Ball, location: 2F 1-2: Foul Ball, location: 2F 1-2: Strikes out swinging
|
| Bottom of the 2nd over - 1 run, 2 hits, 0 errors, 0 left on base; New Jersey 1 - Canton 1 |
| TOP OF THE 3RD |
|
New Jersey Devils batting - Pitching for Canton Indians : RHP Ian Nordquist
|
|
Batting: LHB Bayesa Mundhir
|
0-0: Called Strike 0-1: Ball 1-1: Ball 2-1: Swinging Strike 2-2: Strikes out swinging
|
|
Batting: RHB Bobby Coulombe
|
0-0: Ball 1-0: Foul Ball, location: 2F 1-1: Ball 2-1: Ball 3-1: Fly out, F6 (Popup, 6, EV 56.9 MPH)
|
|
Batting: RHB Gang-sheng Chew
|
0-0: Called Strike 0-1: Ball 1-1: Ball 2-1: Swinging Strike 2-2: Strikes out looking
|
| Top of the 3rd over - 0 runs, 0 hits, 0 errors, 0 left on base; New Jersey 1 - Canton 1 |
| BOTTOM OF THE 3RD |
|
Canton Indians batting - Pitching for New Jersey Devils : RHP Richard Pye
|
|
Batting: RHB Eric Kuck
|
0-0: Foul Ball, location: 2F 0-1: Foul Ball, location: 2F 0-2: Foul Ball, location: 2F 0-2: Ball 1-2: Ball 2-2: Ball 3-2: Fly out, F9 (Flyball, 9LS, EV 88.1 MPH)
|
|
Batting: LHB Rich Walker
|
0-0: Ball 1-0: Called Strike 1-1: Ground out 4-3 (Groundball, 4, EV 79.4 MPH)
|
|
Batting: RHB Kenzo Shinoda
|
0-0: Ground out 6-3 (Groundball, 6S, EV 85.6 MPH)
|
| Bottom of the 3rd over - 0 runs, 0 hits, 0 errors, 0 left on base; New Jersey 1 - Canton 1 |
| TOP OF THE 4TH |
|
New Jersey Devils batting - Pitching for Canton Indians : RHP Ian Nordquist
|
|
Batting: RHB Chris Artz
|
0-0: Called Strike 0-1: Reached on error, E6 (Groundball, 6MS, EV 66.2 MPH)
|
|
Batting: RHB Jose Lara
|
0-0: Ball 1-0: Fly out, F7 (Flyball, 7, EV 76.2 MPH)
|
|
Batting: RHB Brian Bonin
|
0-0: Foul Ball, location: 2F 0-1: Ball 1-1: Foul Ball, location: 2F 1-2: Foul Ball, location: 2F 1-2: Ball 2-2: Ball 3-2: Strikes out swinging
|
|
Pitching: RHP Nate Souza
|
|
|
Batting: SHB Nick Daigle
|
0-0: Foul Ball, location: 2F 0-1: Foul Ball, location: 2F 0-2: Ball Chris Artz steals 2nd base 1-2: Ball 2-2: Ball 3-2: Foul Ball, location: 2F 3-2: SINGLE (Groundball, 23, EV 70.0 MPH) (infield hit) Chris Artz to third
|
|
Batting: RHB Mike Hanks
|
0-0: Foul Ball, location: 2F 0-1: Swinging Strike 0-2: Ball 1-2: Foul Ball, location: 2F 1-2: Strikes out swinging
|
| Top of the 4th over - 0 runs, 1 hit, 1 error, 2 left on base; New Jersey 1 - Canton 1 |
| BOTTOM OF THE 4TH |
|
Canton Indians batting - Pitching for New Jersey Devils : RHP Richard Pye
|
|
Batting: LHB Costodio Varino
|
0-0: Fly out, F7 (Flyball, 78S, EV 82.5 MPH)
|
|
Batting: RHB Carlos Abrego
|
0-0: SINGLE (Line Drive, 78S, EV 106.9 MPH)
|
|
Batting: LHB Dave Key
|
0-0: Called Strike 0-1: Foul Ball, location: 2F 0-2: Ball 1-2: Grounds into double play, 5-4-3 (Groundball, 56, EV 82.5 MPH)
|
| Bottom of the 4th over - 0 runs, 1 hit, 0 errors, 0 left on base; New Jersey 1 - Canton 1 |
| TOP OF THE 5TH |
|
New Jersey Devils batting - Pitching for Canton Indians : RHP Nate Souza
|
|
Batting: LHB Matt Baker
|
0-0: Ball 1-0: Called Strike 1-1: SINGLE (Groundball, 6D, EV 110.0 MPH)
|
|
Batting: LHB Bayesa Mundhir
|
0-0: Called Strike 0-1: Ball 1-1: Swinging Strike 1-2: Ball 2-2: Foul Ball, location: 2F 2-2: Strikes out looking
|
|
Batting: RHB Bobby Coulombe
|
0-0: Ball 1-0: Foul Ball, location: 2F 1-1: Called Strike Matt Baker is caught stealing 2nd base 2-4 1-2: Ball 2-2: Ball 3-2: SOLO HOME RUN (Flyball, 78XD, EV 110.6 MPH), Distance : 444 ft
|
|
Batting: RHB Gang-sheng Chew
|
0-0: Called Strike 0-1: Ball 1-1: Ball 2-1: Ground out 5-3 (Groundball, 5L, EV 90.0 MPH)
|
| Top of the 5th over - 1 run, 2 hits, 0 errors, 0 left on base; New Jersey 2 - Canton 1 |
| BOTTOM OF THE 5TH |
|
Canton Indians batting - Pitching for New Jersey Devils : RHP Richard Pye
|
|
Batting: LHB Shane Montalvo
|
0-0: Called Strike 0-1: DOUBLE (Line Drive, 8LXD, EV 112.5 MPH)
|
|
Batting: RHB Kevin Trull
|
0-0: Ball 1-0: Ground out 5-3 (Groundball, 5D, EV 105.0 MPH)
|
|
Batting: RHB John Bianconi
|
0-0: Foul Ball, location: 2F 0-1: Ball 1-1: SINGLE (Line Drive, 7S, EV 95.0 MPH) Shane Montalvo to third
|
|
Batting: RHB Eric Kuck
|
0-0: Ball 1-0: Ball 2-0: Ball 3-0: Called Strike 3-1: Base on Balls John Bianconi to second
|
|
Batting: LHB Rich Walker
|
0-0: Swinging Strike 0-1: Foul Ball, location: 2F 0-2: Ball Passed Ball! Shane Montalvo scores John Bianconi to third Eric Kuck to second 1-2: Foul Ball, location: 2F 1-2: Strikes out swinging
|
|
Batting: RHB Kenzo Shinoda
|
0-0: Ball 1-0: Ball 2-0: Swinging Strike 2-1: Ball 3-1: Called Strike 3-2: Ground out 6-3 (Groundball, 56, EV 82.5 MPH)
|
| Bottom of the 5th over - 1 run, 2 hits, 0 errors, 2 left on base; New Jersey 2 - Canton 2 |
| TOP OF THE 6TH |
|
New Jersey Devils batting - Pitching for Canton Indians : RHP Nate Souza
|
|
Pitching: RHP Terry Sterling
|
|
|
Pinch Hitting: SHB Justin Wallace
|
0-0: Ball 1-0: DOUBLE (Line Drive, 7LM, EV 108.1 MPH)
|
|
Batting: RHB Jose Lara
|
0-0: Ball 1-0: Ball 2-0: Ground out 5-3 (Groundball, 5, EV 87.5 MPH)
|
|
Batting: RHB Brian Bonin
|
0-0: Called Strike 0-1: Ball 1-1: Ball 2-1: Ground out 5-3 (Groundball, 56, EV 87.5 MPH)
|
|
Batting: SHB Nick Daigle
|
0-0: Swinging Strike 0-1: Ball 1-1: Swinging Strike 1-2: Ball 2-2: Foul Ball, location: 2F 2-2: Strikes out swinging
|
| Top of the 6th over - 0 runs, 1 hit, 0 errors, 1 left on base; New Jersey 2 - Canton 2 |
| BOTTOM OF THE 6TH |
|
Canton Indians batting - Pitching for New Jersey Devils : RHP Richard Pye
|
|
Now in LF: Dan Bremseth
|
|
|
Batting: LHB Costodio Varino
|
0-0: Ball 1-0: Ball 2-0: Called Strike 2-1: Ball 3-1: Called Strike 3-2: Foul Ball, location: 2F 3-2: Base on Balls
|
|
Batting: RHB Carlos Abrego
|
0-0: Ball 1-0: Called Strike 1-1: Ground out 5-3 (Groundball, 5L, EV 101.9 MPH) Costodio Varino to second
|
|
Batting: LHB Dave Key
|
0-0: Ball 1-0: Ball 2-0: Ball 3-0: Base on Balls
|
|
Batting: LHB Shane Montalvo
|
0-0: Called Strike 0-1: Ball 1-1: Fly out, F5 (Popup, 5SF, EV 76.9 MPH)
|
|
Batting: RHB Kevin Trull
|
0-0: Called Strike 0-1: Ball 1-1: Ball 2-1: Fly out, F7 (Flyball, 7S, EV 82.5 MPH)
|
| Bottom of the 6th over - 0 runs, 0 hits, 0 errors, 2 left on base; New Jersey 2 - Canton 2 |
| TOP OF THE 7TH |
|
New Jersey Devils batting - Pitching for Canton Indians : RHP Terry Sterling
|
|
Pitching: RHP Howard Allen
|
|
|
Batting: RHB Mike Hanks
|
0-0: Ball 1-0: Foul Ball, location: 2F 1-1: Swinging Strike 1-2: Strikes out swinging
|
|
Batting: LHB Matt Baker
|
0-0: Ball 1-0: Called Strike 1-1: Called Strike 1-2: SINGLE (Groundball, 6MD, EV 94.4 MPH)
|
|
Batting: LHB Bayesa Mundhir
|
0-0: Ball 1-0: Foul Ball, location: 2F 1-1: Ball 2-1: Called Strike 2-2: Ball 3-2: SINGLE (Line Drive, 78S, EV 92.5 MPH) Matt Baker to second Matt Baker to third
|
|
Batting: RHB Bobby Coulombe
|
0-0: Ball 1-0: Swinging Strike 1-1: Foul Ball, location: 2F 1-2: Foul Ball, location: 2F 1-2: Foul Ball, location: 2F 1-2: Ball 2-2: Ball 3-2: Base on Balls Bayesa Mundhir to second
|
|
Batting: RHB Gang-sheng Chew
|
0-0: Called Strike 0-1: GRAND SLAM HOME RUN (Flyball, 78XD, EV 100.0 MPH), Distance : 425 ft
|
|
Batting: LHB Dan Bremseth
|
0-0: Ball 1-0: Called Strike 1-1: DOUBLE (Groundball, 5L, EV 110.6 MPH)
|
|
Batting: RHB Jose Lara
|
0-0: Called Strike 0-1: Foul Ball, location: 2F 0-2: Ball 1-2: Ball 2-2: Ball 3-2: Ground out 6-3 (Groundball, P, EV 88.1 MPH) Dan Bremseth to third
|
|
Batting: RHB Brian Bonin
|
0-0: Fly out, F8 (Flyball, 8RM, EV 88.8 MPH)
|
| Top of the 7th over - 4 runs, 4 hits, 0 errors, 1 left on base; New Jersey 6 - Canton 2 |
| BOTTOM OF THE 7TH |
|
Canton Indians batting - Pitching for New Jersey Devils : RHP Richard Pye
|
|
Batting: RHB John Bianconi
|
0-0: Ball 1-0: Fly out, F8 (Line Drive, 8LD, EV 89.4 MPH)
|
|
Batting: RHB Eric Kuck
|
0-0: Ball 1-0: Foul Ball, location: 2F 1-1: Foul Ball, location: 2F 1-2: Ball 2-2: Foul Ball, location: 2F 2-2: Foul Ball, location: 2F 2-2: Ball 3-2: SINGLE (Line Drive, 8RS, EV 100.0 MPH)
|
|
Batting: LHB Rich Walker
|
0-0: Called Strike 0-1: Foul Ball, location: 2F 0-2: Strikes out swinging
|
|
Batting: RHB Kenzo Shinoda
|
0-0: Called Strike 0-1: Foul Ball, location: 2F 0-2: Ball 1-2: Fielders Choice at 2nd, U6 (Groundball, 6M, EV 90.0 MPH)
|
| Bottom of the 7th over - 0 runs, 1 hit, 0 errors, 1 left on base; New Jersey 6 - Canton 2 |
| TOP OF THE 8TH |
|
New Jersey Devils batting - Pitching for Canton Indians : RHP Howard Allen
|
|
Batting: SHB Nick Daigle
|
0-0: Ball 1-0: Called Strike 1-1: Ball 2-1: Called Strike 2-2: Ball 3-2: Foul Ball, location: 2F 3-2: Base on Balls
|
|
Batting: RHB Mike Hanks
|
0-0: Called Strike 0-1: Hit by Pitch Nick Daigle to second
|
|
Batting: LHB Matt Baker
|
0-0: Called Strike 0-1: Bunted foul 0-2: 3-RUN HOME RUN (Flyball, 9LD, EV 95.6 MPH), Distance : 359 ft
|
|
Batting: LHB Bayesa Mundhir
|
0-0: Fly out, F7 (Flyball, 7LD, EV 91.9 MPH)
|
|
Pinch Hitting: RHB Chris Graham
|
0-0: Ball 1-0: Fly out, F7 (Flyball, 78XD, EV 110.0 MPH)
|
|
Batting: RHB Gang-sheng Chew
|
0-0: Ground out 5-3 (Groundball, 5S, EV 68.1 MPH)
|
| Top of the 8th over - 3 runs, 1 hit, 0 errors, 0 left on base; New Jersey 9 - Canton 2 |
| BOTTOM OF THE 8TH |
|
Canton Indians batting - Pitching for New Jersey Devils : RHP Richard Pye
|
|
Now at SS: Chris Graham
|
|
|
Pinch Hitting: RHB Jason Roberts
|
0-0: Ball 1-0: Fly out, F8 (Flyball, 8RD, EV 99.4 MPH)
|
|
Batting: RHB Carlos Abrego
|
0-0: Called Strike 0-1: Swinging Strike 0-2: Fly out, F4 (Popup, 34D, EV 68.1 MPH)
|
|
Batting: LHB Dave Key
|
0-0: Ball 1-0: Called Strike 1-1: Ground out 6-3 (Groundball, 56, EV 93.8 MPH)
|
| Bottom of the 8th over - 0 runs, 0 hits, 0 errors, 0 left on base; New Jersey 9 - Canton 2 |
| TOP OF THE 9TH |
|
New Jersey Devils batting - Pitching for Canton Indians : RHP Howard Allen
|
|
Now in RF: Jason Roberts
|
|
|
Batting: LHB Dan Bremseth
|
0-0: DOUBLE (Line Drive, 3D, EV 99.4 MPH)
|
|
Batting: RHB Jose Lara
|
0-0: Called Strike 0-1: Called Strike 0-2: Strikes out looking
|
|
Batting: RHB Brian Bonin
|
0-0: Ball 1-0: Foul Ball, location: 2F 1-1: DOUBLE (Line Drive, 5D, EV 101.2 MPH) Dan Bremseth scores
|
|
Pitching: RHP Steve Gusman
|
|
|
Batting: SHB Nick Daigle
|
0-0: Fly out, F5 (Popup, 5, EV 60.6 MPH)
|
|
Batting: RHB Mike Hanks
|
0-0: Ball 1-0: Fly out, F3 (Popup, 3SF, EV 68.1 MPH)
|
| Top of the 9th over - 1 run, 2 hits, 0 errors, 1 left on base; New Jersey 10 - Canton 2 |
| BOTTOM OF THE 9TH |
|
Canton Indians batting - Pitching for New Jersey Devils : RHP Richard Pye
|
|
Batting: LHB Shane Montalvo
|
0-0: Ball 1-0: Ball 2-0: Called Strike 2-1: SINGLE (Groundball, 6D, EV 97.5 MPH)
|
|
Pitching: LHP Larry Shoop
|
|
|
Pinch Hitting: LHB Justin Eargle
|
0-0: Ball 1-0: Foul Ball, location: 2F 1-1: Fielders Choice at 2nd, 1-6 (Groundball, 13S, EV 64.4 MPH)
|
|
Batting: RHB John Bianconi
|
0-0: SINGLE (Line Drive, 6M, EV 104.4 MPH) Justin Eargle to second
|
|
Batting: RHB Eric Kuck
|
0-0: Called Strike 0-1: Fly out, F8 (Flyball, 8LS, EV 79.4 MPH)
|
|
Pinch Hitting: RHB Ricky Butts
|
0-0: Ball 1-0: Fly out, F8 (Flyball, 8LD, EV 86.9 MPH)
|
| Bottom of the 9th over - 0 runs, 2 hits, 0 errors, 2 left on base; New Jersey 10 - Canton 2 |
|